 Dungeon Crawl Stone Soup version 0.22.0 (webtiles) character file.

817 Peloso the Covered (level 7, -5/61 HPs)
             Began as a Minotaur Fighter on Aug 11, 2018.
             Killed by divine providence
             ... invoked by an orc priest
              (10 damage)
             ... on level 4 of the Dungeon.
             The game lasted 00:07:40 (4225 turns).

Peloso the Covered (Minotaur Fighter)               Turns: 4225, Time: 00:07:41

Health: -5/61      AC:  7    Str: 21    XL:     7   Next: 62%
Magic:  6/6        EV:  9    Int:  5    God:
Gold:   201        SH: 10    Dex: 13    Spells: 6/6 levels left

rFire    . . .     SeeInvis .   a - +0 long sword
rCold    . . .     Gourm    .   c - +0 shield
rNeg     . . .     Faith    .   b - +0 scale mail
rPois    .         Spirit   .   (helmet restricted)
rElec    .         Reflect  .   (no cloak)
rCorr    .         Harm     .   (no gloves)
MR       .....                  (no boots)
Stlth    ..........             g - amulet of regeneration
HPRegen  0.60/turn              j - +2 ring of dexterity
MPRegen  0.10/turn              (no ring)

@: no status effects
A: retaliatory headbutt, horns 2
a: no special abilities


You were on level 4 of the Dungeon.
You were not hungry.

You visited 1 branch of the dungeon, and saw 4 of its levels.

You collected 201 gold pieces.

Inventory:

Hand Weapons
 a - a +0 long sword (weapon)
Armour
 b - a +0 scale mail (worn)
 c - a +0 shield (worn)
Jewellery
 g - an amulet of regeneration (around neck)
 j - a +2 ring of dexterity (left hand)
Wands
 p - a wand of clouds (6)
Scrolls
 e - a scroll of teleportation {unknown}
 i - 6 scrolls of identify {unknown}
 k - a scroll of blinking {unknown}
 l - 5 scrolls of remove curse {unknown}
 n - a scroll of enchant weapon {unknown}
Potions
 d - a potion of might
 m - 2 potions of haste
 o - a potion of agility {unknown}
Comestibles
 f - 5 rations


   Skills:
 + Level 5.1 Fighting
 + Level 6.1 Long Blades
 + Level 6.3 Armour
 + Level 2.3 Dodging
 + Level 0.2 Stealth
 + Level 6.1 Shields


You had 6 spell levels left.
You didn't know any spells.
Your spell library contained the following spells:

 Spells                   Type           Power        Failure   Level  Hunger
 Spider Form              Tmut/Pois      #.........   100%        3    ####...
 Blade Hands              Tmut           #.........   100%        5    ######.
 Ice Form                 Ice/Tmut       #.......     100%        4    #####..
 Sticks to Snakes         Tmut           #.......     99%         2    ###....
 Beastly Appendage        Tmut           #.....       99%         1    ##.....


Dungeon Overview and Level Annotations

Branches:
Dungeon (4/15)
 Temple: D:4-7

Altars:
Cheibriados
Dithmenos
Fedhas
Ru
Trog
The Shining One


Innate Abilities, Weirdness & Mutations

You reflexively headbutt those who attack you in melee.
You have a pair of horns on your head.


Message History

You block the orc priest's attack. x2
Unknown command.
You barely miss the orc priest.
The orc priest is severely wounded.
You block the orc's attack.
The orc priest hits you but does no damage.
The orc priest hits you.
You barely miss the orc priest. You headbutt the orc priest.
The orc priest is almost dead.
The orc barely misses you. You furiously retaliate!
You headbutt the orc.
The orc priest calls down the wrath of Beogh upon you.
Pain shoots through your body!
* * * LOW HITPOINT WARNING * * *
The orc priest hits you.
* * * LOW HITPOINT WARNING * * *
You completely miss the orc priest.
The orc priest is almost dead.
The orc priest mumbles some strange prayers to Beogh against you.
Beogh smites you!
You die...

#..............#
.....#..............# . ..
....#..............# #. #.
#...#######..###...#
######>##.##...##...##..###...#
#....#.....#....#...#.........#
#....#.....#....#...#.........#
#....#.....#....#o..#.........##
#....#.....#....@o..#..........#
#....#.....'....#o..#..........#
#....#.....#....#...#..........#
#...##....####.########..##...###
###'##....####.##...###..##...##.
.....#................#..........
.....#................#..........
.....#................#..........
.....#................#..........


You could see 2 orc priests and an orc.

Vanquished Creatures
  Grinder (D:4)
  Eustachio (D:4)
  A bullfrog (D:3)
  A bullfrog skeleton (D:4)
  An orc priest (D:4)
  6 orc wizards
  2 worker ants (D:4)
  4 gnolls (D:4)
  5 adders
  2 worms (D:2)
  A dart slug (D:1)
  2 leopard geckos
  5 orcs
  3 giant cockroaches
  5 goblins
  4 hobgoblins
  9 jackals
  3 kobolds (D:2)
  3 quokkas
  2 ball pythons
  5 bats
  8 frilled lizards
  9 rats
  3 plants (D:2)
86 creatures vanquished.

Notes
Turn   | Place    | Note
-------+----------+-------------------------------------------
     0 | D:1      | Peloso the Minotaur Fighter began the quest for the Orb.
     0 | D:1      | Reached XP level 1. HP: 19/19 MP: 0/0
   112 | D:1      | Reached XP level 2. HP: 27/27 MP: 1/1
   653 | D:2      | Reached XP level 3. HP: 32/33 MP: 2/2
   771 | D:2      | Found a snail-covered altar of Cheibriados.
   772 | D:2      | Found a glowing golden altar of the Shining One.
   774 | D:2      | Found a blossoming altar of Fedhas.
   995 | D:2      | Reached XP level 4. HP: 40/40 MP: 3/3
  1700 | D:3      | Found a shadowy altar of Dithmenos.
  1916 | D:3      | Noticed a bullfrog
  1922 | D:3      | Killed a bullfrog
  1922 | D:3      | Reached XP level 5. HP: 46/46 MP: 4/4
  1970 | D:3      | Reached skill level 1 in Dodging
  2282 | D:4      | Reached skill level 5 in Armour
  2299 | D:4      | HP: 2/46 [orc wizard/magic dart (6)]
  2723 | D:4      | Reached skill level 5 in Shields
  2741 | D:4      | Reached XP level 6. HP: 39/52 MP: 5/5
  2953 | D:4      | Found a bloodstained altar of Trog.
  3742 | D:4      | Noticed Grinder
  3760 | D:4      | Paralysed by Grinder for 7 turns
  3772 | D:4      | Killed Grinder
  3772 | D:4      | Reached skill level 5 in Long Blades
  3772 | D:4      | Reached XP level 7. HP: 18/60 MP: 6/6
  4038 | D:4      | Found a sacrificial altar of Ru.
  4137 | D:4      | Noticed Eustachio
  4169 | D:4      | Killed Eustachio
  4169 | D:4      | Reached skill level 5 in Fighting
  4225 | D:4      | Killed from afar by an orc priest

Skill      XL: |  1  2  3  4  5  6  7 |
---------------+----------------------+-----
Shields        | 4 5 6 |  6.1
Armour         | 4 5 6 |  6.3
Fighting       | 4 5 |  5.1
Long Blades    | 3 4 5 6 |  6.1
Dodging        | 1 2 |  2.3
Stealth        | |  0.2

Action                   |  1- 3 |  4- 6 |  7- 9 || total
-------------------------+-------+-------+-------++-------
Melee: Long sword        |    80 |   217 |    36 ||   333
       Headbutt          |    13 |    47 |    10 ||    70
  Use: Potion            |       |     3 |       ||     3
  Eat: Chunk             |       |     9 |     2 ||    11
Armor: Scale mail        |    40 |    68 |    30 ||   138
Dodge: Dodged            |    30 |    54 |    34 ||   118
Block: Shield            |    46 |   123 |    42 ||   211
       Rpst.: Long sword |     8 |    13 |     5 ||    26
